 Dungeon Crawl Stone Soup version 0.25.0-46-gbd7b0854d2 (console) character file.

Game seed: 332191343142300276

112 Colgate the Skirmisher (level 4, 45/45 HPs)
             Began as a Minotaur Berserker on July 16, 2020.
             Was a Follower of Trog.
             Quit the game on level 2 of the Dungeon.
             The game lasted 00:16:17 (1188 turns).

Colgate the Skirmisher (Minotaur Berserker)         Turns: 1188, Time: 00:16:17

Health: 45/45      AC: 11    Str: 21    XL:     4   Next: 63%
Magic:  3/3        EV: 15    Int:  4    God:    Trog [*.....]
Gold:   16         SH:  0    Dex: 11    Spells: 3/3 levels left

rFire    . . .     SeeInvis .   e - +2 dagger (elec)
rCold    . . .     Gourm    .   (no shield)
rNeg     . . .     Faith    .   n - +0 ring mail
rPois    .         Spirit   .   (helmet restricted)
rElec    .         Reflect  .   p - +0 cloak
rCorr    .         Harm     .   (no gloves)
MR       .....                  s - +0 pair of boots
Stlth    +.........             (no amulet)
HPRegen  0.15/turn              h - +4 ring of protection
MPRegen  0.08/turn              t - +4 ring of evasion

@: no status effects
A: retaliatory headbutt, horns 2
a: Berserk, Renounce Religion


You were on level 2 of the Dungeon.
You worshipped Trog.
Trog was aware of your devotion.
You were not hungry.

You visited 1 branch of the dungeon, and saw 2 of its levels.

You collected 16 gold pieces.

Inventory:

Hand Weapons
 d - a +3 spear
 e - a +2 dagger of electrocution (weapon)
 w - a +0 quarterstaff
Missiles
 f - 19 arrows
 l - 35 sling bullets
 q - 22 stones (quivered)
Armour
 b - a +0 animal skin
 n - a +0 ring mail (worn)
 p - a +0 cloak (worn)
 s - a +0 pair of boots (worn)
Jewellery
 h - a +4 ring of protection (left hand)
 t - a +4 ring of evasion (right hand)
 v - an uncursed ring of protection from cold
Scrolls
 g - a scroll of fear {unknown}
 i - 2 scrolls of teleportation {unknown}
 j - a scroll of amnesia {unknown}
 m - 3 scrolls of remove curse {unknown}
 r - a scroll of identify {unknown}
Potions
 a - a potion of flight {unknown}
 k - a potion of might {unknown}
 o - 3 potions of curing {unknown}
Comestibles
 c - 3 rations
 u - 5 chunks of flesh


   Skills:
 + Level 6.6 Fighting
   Level 3.6 Maces & Flails
 + Level 2.4 Armour
 + Level 2.1 Dodging


You had 3 spell levels left.
You didn't know any spells.
Your spell library was empty.

Dungeon Overview and Level Annotations

Branches:
Dungeon (2/15)

Altars:


Innate Abilities, Weirdness & Mutations

You reflexively headbutt those who attack you in melee.
You have a pair of horns on your head.


Message History

q - 21 stones (gained 1)
q - 22 stones (gained 1)
You open the door.
There is an open door here.
Found a quarterstaff.
v - a large steel ring You're wearing all the rings you can.
Remove which one? (? for menu, Esc to quit)
Okay, then.
You're wearing all the rings you can.
Remove which one? (? for menu, Esc to quit)
You remove your +4 ring of evasion.
v - a ring of protection from cold (right hand) You're wearing all the rings you can.
Remove which one? (? for menu, Esc to quit)
You remove your ring of protection from cold.
t - a +4 ring of evasion (right hand)
You see here a quarterstaff.
w - a quarterstaff No monsters, items or features are visible.
Quiver which item? (- for none, * to show all) (? for menu, Esc to quit)
Okay, then.
Are you sure you want to abandon this character and quit the game? (Confirm with "yes".)

##.## #...#
#.... ...
... #.# #.#
#@# #.# #.#
#.# #.# #.#
#.########
###
#.........
..#
##.########
#.#
######...##
#.#
..........#
#####.###


There were no monsters in sight!

Vanquished Creatures
  An ogre (D:2)
  An ooze (D:2)
  3 dart slugs
  A giant cockroach (D:1)
  5 goblins (D:1)
  A hobgoblin (D:1)
  2 bats (D:1)
  A frilled lizard (D:1)
  4 kobolds
  2 rats (D:1)
21 creatures vanquished.

Notes
Turn   | Place    | Note
-------+----------+-------------------------------------------
     0 | D:1      | Colgate the Minotaur Berserker began the quest for the Orb.
     0 | D:1      | Reached XP level 1. HP: 19/19 MP: 0/0
   270 | D:1      | Reached skill level 4 in Fighting
   297 | D:1      | Reached XP level 2. HP: 28/28 MP: 1/1
  1023 | D:2      | Reached skill level 5 in Fighting
  1035 | D:2      | Reached XP level 3. HP: 36/36 MP: 2/2
  1040 | D:2      | Noticed an ogre
  1051 | D:2      | Killed an ogre
  1051 | D:2      | Reached skill level 6 in Fighting
  1051 | D:2      | Reached XP level 4. HP: 32/45 MP: 3/3
  1188 | D:2      | Quit the game

Illustrated notes

Levels and vault maps discovered:
D:1:      dpeg_arrival_line_fractal, layout_loops_ring, minmay_liquid_box,
          minmay_bisected
D:2:      layout_loops_corners

Skill      XL: |  1  2  3 |
---------------+----------+-----
Fighting       | 4 5 6 |  6.6
Maces & Flails | |  3.6
Armour         | |  2.4
Dodging        | |  2.1

Action                   |  1- 3 |  4- 6 || total
-------------------------+-------+-------++-------
Melee: Spear             |     8 |       ||     8
       Mace              |     2 |       ||     2
       Dagger            |    31 |       ||    31
       Headbutt          |     1 |       ||     1
Throw: Stone             |    26 |       ||    26
Invok: Berserk           |     3 |       ||     3
  Eat: Chunk             |     3 |     1 ||     4
Armor: Animal skin       |     4 |       ||     4
       Ring mail         |     6 |       ||     6
Dodge: Dodged            |    14 |       ||    14
